Senateurs vs Blues (R1)

Created - December 28, 2019 at 11:41

Goals
1 2 3 T
Senateurs 1 0 3 4
Blues 0 3 3 6
Shots
1 2 3 T
Senateurs 10 7 17 34
Blues 9 8 15 32

1st period

1. Senateurs , Sidney Crosby 25 (Phil Kessel 20) at 2:35

Penalties :
Travis Zajac (STL) for Tripping (Minor) at 15:35, Ryan Hollweg (Ott) for Tripping (Minor) at 18:47

2nd period

2. Blues , Sergei Shirokov 7 (Filip Forsberg 7) at 3:27
3. Blues , Sergei Shirokov 8 (Yann Sauvé 6, Shayne Gostisbehere 7) at 7:16
4. Blues , Jordan Eberle 7 (Alex Pietrangelo 28, Nicklas Backstrom 20) at 16:11 (PP)

Penalties :
David Perron (STL) for Elbowing (Minor) at 0:31, Dion Phaneuf (Ott) for High sticking (Minor) at 7:24, Cody Franson (Ott) for Holding (Minor) at 16:08, Nate Prosser (Ott) for Hooking (Minor) at 17:13

3rd period

5. Blues , Simon Gagné 7 (Drew Shore 2, Shayne Gostisbehere 8) at 4:12
6. Senateurs , Stephane Da Costa 3 (Sidney Crosby 24) at 7:54
7. Blues , Sergei Shirokov 9 (Travis Zajac 8, Filip Forsberg 8) at 9:33
8. Senateurs , Daniel Briere 11 (Nate Prosser 8) at 12:49
9. Senateurs , Sergei Kostitsyn 5 (Nate Prosser 9, Evgeni Malkin 18) at 17:29 (PP)
10. Blues , Travis Zajac 10 (Shayne Gostisbehere 9, Linus Omark 3) at 19:31 (Empty Net)

Penalties :
Shayne Gostisbehere (STL) for Tripping (Minor) at 1:15, Daniel Sedin (Ott) for Hooking (Minor) at 4:26, Rickard Rakell (STL) for Slashing (Minor) at 16:41

Goalie Stats

Ondrej Pavelec (Ott), 7 saves from 7 shots - (1.000), 9:46 minutes
Roberto Luongo (Ott), 19 saves from 24 shots - (0.792), L, 2-5-0, 49:33 minutes
Carey Price (STL), 30 saves from 34 shots - (0.882), W, 7-12-3, 60:00 minutes

Players Stats for Senateurs

Player Name              G  A  P  +/- PIM S  H  SB GA TA FO     MP     PP MP  PK MP  
------------------------------------------------------------------------------------
Arturs Kulda             0  0  0   0  0   0  0  0  0  0  0/0     2:54   0:00   0:32 
Carlo Colaiacovo         0  0  0   0  0   0  1  0  0  1  0/0     9:19   0:00   0:00 
Cody Franson             0  0  0   1  2   1  1  2  0  0  0/0    19:36   2:20   2:52 
Colby Armstrong          0  0  0  -1  0   0  1  1  0  1  0/1    15:32   2:44   0:00 
Daniel Briere            1  0  1  -1  0   4  2  0  0  0  5/7    13:42   0:00   1:58 
Daniel Sedin             0  0  0   0  2   1  2  0  0  0  0/5    19:03   3:23   0:32 
Dion Phaneuf             0  0  0  -3  2   2  4  2  1  1  0/0    30:14   4:10   3:45 
Duncan Keith             0  0  0  -3  0   0  0  3  1  1  0/0    28:42   4:10   4:52 
Evgeni Malkin            0  1  1  -1  0   3  0  1  0  0  6/14   21:18   3:07   4:45 
Mark Giordano            0  0  0   0  0   0  1  0  0  1  0/0    10:46   0:00   1:27 
Michel Ouellet           0  0  0   0  0   0  0  1  0  0  0/0     5:17   0:00   0:00 
Nate Prosser             0  2  2   1  2   2  1  1  0  0  0/0    19:17   2:20   2:00 
Phil Kessel              0  1  1   0  0   1  1  0  0  0  0/1    20:41   3:23   1:58 
Radim Vrbata             0  0  0  -2  0   2  0  0  0  0  1/1    12:55   0:00   0:00 
Ryan Hollweg             0  0  0  -1  2   4  1  0  0  0  0/0    12:34   0:23   0:16 
Sergei Kostitsyn         1  0  1  -1  0   6  0  0  0  0  0/2    15:32   2:44   0:00 
Sidney Crosby            1  1  2   1  0   6  2  1  0  0  13/36  28:03   3:46   4:52 
Stephane Da Costa        1  0  1   0  0   2  0  0  0  0  1/3     6:31   0:00   1:07 

Players Stats for Blues

Player Name              G  A  P  +/- PIM S  H  SB GA TA FO     MP     PP MP  PK MP  
------------------------------------------------------------------------------------
Alex Pietrangelo         0  1  1   0  0   2  4  0  1  0  0/0    29:08   4:53   4:04 
Chad Larose              0  0  0   1  0   0  3  0  0  0  0/1     9:45   0:00   1:51 
Cody Ceci                0  0  0   0  0   2  0  2  1  0  0/0    15:35   0:00   1:42 
David Perron             0  0  0  -1  2   2  2  2  0  0  0/0    20:19   3:15   0:50 
Dougie Hamilton          0  0  0   1  0   0  0  0  0  0  0/0    20:04   2:51   0:58 
Drew Shore               0  1  1   0  0   0  3  0  0  1  2/3     7:54   0:11   0:49 
Filip Forsberg           0  2  2   3  0   0  0  0  0  0  1/2    16:48   4:17   1:06 
Jake Gardiner            0  0  0   0  0   1  0  0  0  0  0/0    25:11   4:53   3:12 
Jordan Eberle            1  0  1  -1  0   3  1  1  0  0  0/1    24:07   4:17   3:42 
Linus Omark              0  1  1   0  0   1  1  0  0  0  0/0     6:41   0:00   0:00 
Nicklas Backstrom        0  1  1  -1  0   6  3  0  0  0  28/35  21:16   4:18   0:33 
Rickard Rakell           0  0  0   0  2   0  3  0  0  0  0/0    10:37   0:12   0:00 
Riley Sheahan            0  0  0  -1  0   1  1  1  0  0  1/8     9:44   0:00   0:00 
Sergei Shirokov          3  0  3   3  0   6  3  0  2  0  1/1    14:44   3:15   0:00 
Shayne Gostisbehere      0  3  3   1  2   2  1  1  1  1  0/0    19:48   2:51   0:38 
Simon Gagné              1  0  1   0  0   4  1  0  0  0  1/2    12:57   0:11   1:35 
Travis Zajac             1  1  2   4  2   2  0  1  0  0  10/17  17:52   3:15   2:34 
Yann Sauvé               0  1  1   1  0   0  0  1  0  0  0/0    10:41   0:00   2:26 

3 Stars

1 - Sergei Shirokov (STL)
2 - Travis Zajac (STL)
3 - Filip Forsberg (STL)

Power Play

Senateurs - 1 on 4 Attempt(s) - 25.00%
Blues - 1 on 5 Attempt(s) - 20.00%

Penalty Kill

Senateurs - 4 on 5 Attempt(s) - 80.00% - Score 0 goal in Penalty Kill
Blues - 3 on 4 Attempt(s) - 75.00% - Score 0 goal in Penalty Kill

Team Stat

Senateurs - Hits : 17 - Faceoff Wins : 26 - Blocked Shots : 12 - Penalty Minutes : 10
Blues - Hits : 26 - Faceoff Wins : 44 - Blocked Shots : 9 - Penalty Minutes : 8

Official

Referees : Unknown
Linesman : Unknown

Game Notes

Cody Ceci is injured at 19:49 of 2nd period (Lacerated Right Calf)
Sergei Shirokov has scored a Hat Trick!
Ondrej Pavelec enters game at 9:33 of 3rd period
Travis Zajac has scored in a empty net!

Finance

Level 1 -- Attendance: 4814 (80.23%) -- Ticket Income $529,540
Level 2 -- Attendance: 3758 (75.16%) -- Ticket Income $270,576
Level 3 -- Attendance: 1516 (75.80%) -- Ticket Income $68,220
Level 4 -- Attendance: 4000 (100.00%) -- Ticket Income $120,000
Luxury Box -- Attendance: 823 (82.30%) -- Ticket Income $164,600
Game was played at the Scotttrade center.
Total Attendance: 14911 (82.84%)
Total Ticket Income: $1,152,936
Other Income: $172,940
Total Income: $1,325,876

Senateurs

5 vs 5 Forward 
   Center                   Left Wing                Right Wing               Time % Phy DF OF 
 1 Sidney Crosby            Daniel Sedin             Phil Kessel              40     1   2  2  
 2 Evgeni Malkin            Sergei Kostitsyn         Colby Armstrong          30     1   2  2  
 3 Daniel Briere            Ryan Hollweg             Radim Vrbata             20     1   2  2  
 4 Stephane Da Costa        Sidney Crosby            Michel Ouellet           10     1   2  2  

5 vs 5 Defense 
   Defense                  Defense                                           Time % Phy DF OF 
 1 Dion Phaneuf             Duncan Keith                                      40     1   2  2  
 2 Cody Franson             Nate Prosser                                      30     1   2  2  
 3 Carlo Colaiacovo         Mark Giordano                                     20     1   2  2  
 4 Arturs Kulda             Dion Phaneuf                                      10     1   2  2  

PowerPlay Forward 
   Center                   Left Wing                Right Wing               Time % Phy DF OF 
 1 Sidney Crosby            Daniel Sedin             Phil Kessel              60     1   2  2  
 2 Evgeni Malkin            Sergei Kostitsyn         Colby Armstrong          40     1   2  2  

PowerPlay Defense
   Defense                  Defense                                           Time % Phy DF OF 
 1 Dion Phaneuf             Duncan Keith                                      60     1   2  2  
 2 Cody Franson             Nate Prosser                                      40     1   2  2  

Penalty Kill 4 Players Forward 
   Center                   Wing                     Time % Phy DF OF 
 1 Sidney Crosby            Evgeni Malkin            60     1   2  2  
 2 Phil Kessel              Daniel Briere            40     1   2  2  

Penalty Kill 4 Players Defense
   Defense                  Defense                  Time % Phy DF OF 
 1 Dion Phaneuf             Duncan Keith             60     1   2  2  
 2 Cody Franson             Nate Prosser             40     1   2  2  

Penalty Kill - 3 Players Forward 
   Forward                                           Time % Phy DF OF 
 1 Sidney Crosby                                     60     1   2  2  
 2 Evgeni Malkin                                     40     1   2  2  

Penalty Kill - 3 Players Defense
   Defense                  Defense                  Time % Phy DF OF 
 1 Dion Phaneuf             Duncan Keith             60     1   2  2  
 2 Cody Franson             Nate Prosser             40     1   2  2  

4 vs 4 Forward 
   Center                   Wing                     Time % Phy DF OF 
 1 Sidney Crosby            Evgeni Malkin            60     1   2  2  
 2 Phil Kessel              Daniel Briere            40     1   2  2  

4 vs 4 Defense
   Defense                  Defense                  Time % Phy DF OF 
 1 Dion Phaneuf             Duncan Keith             60     1   2  2  
 2 Cody Franson             Nate Prosser             40     1   2  2  

Last Minutes Offensive
   Center                   Left Wing                Right Wing               Defense                  Defense                  
   Sidney Crosby            Daniel Sedin             Phil Kessel              Dion Phaneuf             Duncan Keith             

Last Minutes Defensive
   Center                   Left Wing                Right Wing               Defense                  Defense                  
   Sidney Crosby            Daniel Sedin             Phil Kessel              Dion Phaneuf             Duncan Keith             

Goaltenders
Starting : Roberto Luongo           
Backup : Ondrej Pavelec           

Extra Forwards
Normal : Radim Vrbata, Ryan Hollweg, Stephane Da Costa - PP : Radim Vrbata, Ryan Hollweg - PK : Stephane Da Costa
Extra Defensemen
Normal : Carlo Colaiacovo, Mark Giordano, Arturs Kulda - PP : Carlo Colaiacovo - PK : Mark Giordano, Arturs Kulda
Penalty Shots
Sidney Crosby, Evgeni Malkin, Phil Kessel, Daniel Briere, Daniel Sedin

Scratches
Jamie Benn (Healthy)

Blues

5 vs 5 Forward 
   Center                   Left Wing                Right Wing               Time % Phy DF OF 
 1 Nicklas Backstrom        David Perron             Jordan Eberle            40     1   2  2  
 2 Travis Zajac             Filip Forsberg           Sergei Shirokov          30     1   2  2  
 3 Riley Sheahan            Simon Gagné              Rickard Rakell           20     1   2  2  
 4 Drew Shore               Linus Omark              Chad Larose              10     1   2  2  

5 vs 5 Defense 
   Defense                  Defense                                           Time % Phy DF OF 
 1 Alex Pietrangelo         Cody Ceci                                         40     1   2  2  
 2 Dougie Hamilton          Jake Gardiner                                     30     1   2  2  
 3 Yann Sauvé               Shayne Gostisbehere                               20     1   2  2  
 4 Cody Ceci                Jake Gardiner                                     10     1   2  2  

PowerPlay Forward 
   Center                   Left Wing                Right Wing               Time % Phy DF OF 
 1 Nicklas Backstrom        Filip Forsberg           Jordan Eberle            60     1   2  2  
 2 Travis Zajac             David Perron             Sergei Shirokov          40     1   2  2  

PowerPlay Defense
   Defense                  Defense                                           Time % Phy DF OF 
 1 Alex Pietrangelo         Jake Gardiner                                     60     1   2  2  
 2 Shayne Gostisbehere      Dougie Hamilton                                   40     1   2  2  

Penalty Kill 4 Players Forward 
   Center                   Wing                     Time % Phy DF OF 
 1 Travis Zajac             Jordan Eberle            60     1   2  2  
 2 Chad Larose              Simon Gagné              40     1   2  2  

Penalty Kill 4 Players Defense
   Defense                  Defense                  Time % Phy DF OF 
 1 Alex Pietrangelo         Cody Ceci                60     1   2  2  
 2 Jake Gardiner            Yann Sauvé               40     1   2  2  

Penalty Kill - 3 Players Forward 
   Forward                                           Time % Phy DF OF 
 1 Chad Larose                                       60     1   2  2  
 2 Travis Zajac                                      40     1   2  2  

Penalty Kill - 3 Players Defense
   Defense                  Defense                  Time % Phy DF OF 
 1 Alex Pietrangelo         Cody Ceci                60     1   2  2  
 2 Jake Gardiner            Yann Sauvé               40     1   2  2  

4 vs 4 Forward 
   Center                   Wing                     Time % Phy DF OF 
 1 Nicklas Backstrom        David Perron             60     1   2  2  
 2 Travis Zajac             Jordan Eberle            40     1   2  2  

4 vs 4 Defense
   Defense                  Defense                  Time % Phy DF OF 
 1 Alex Pietrangelo         Dougie Hamilton          60     1   2  2  
 2 Jake Gardiner            Shayne Gostisbehere      40     1   2  2  

Last Minutes Offensive
   Center                   Left Wing                Right Wing               Defense                  Defense                  
   Nicklas Backstrom        David Perron             Jordan Eberle            Alex Pietrangelo         Jake Gardiner            

Last Minutes Defensive
   Center                   Left Wing                Right Wing               Defense                  Defense                  
   Travis Zajac             Linus Omark              Chad Larose              Yann Sauvé               Cody Ceci                

Goaltenders
Starting : Carey Price              
Backup : Pascal Leclaire          

Extra Forwards
Normal : Chad Larose, Riley Sheahan, Jordan Eberle - PP : Travis Zajac, Nicklas Backstrom - PK : Filip Forsberg
Extra Defensemen
Normal : Shayne Gostisbehere, Cody Ceci, Jake Gardiner - PP : Shayne Gostisbehere - PK : Shayne Gostisbehere, Jake Gardiner
Penalty Shots
David Perron, Jordan Eberle, Nicklas Backstrom, Travis Zajac, Linus Omark

Scratches
D.J King (Healthy)

% Time on Ice - Senateurs

Lines # - Real PCT - Wanted PCT - Time Play
Normal Forward
1 - 34% - 40% - 15:08
2 - 29% - 30% - 13:06
3 - 25% - 20% - 11:26
4 - 12% - 10% - 5:17
Normal Defense
1 - 42% - 40% - 18:51
2 - 32% - 30% - 14:25
3 - 21% - 20% - 9:19
4 - 5% - 10% - 2:22
PP Forward
1 - 58% - 60% - 3:46
2 - 42% - 40% - 2:44
PP Defense
1 - 64% - 60% - 4:10
2 - 36% - 40% - 2:20
PK Forward
1 - 75% - 60% - 5:46
2 - 25% - 40% - 1:58
PK Defense
1 - 63% - 60% - 4:52
2 - 37% - 40% - 2:52
PK3 Forward
1 - 0% - 60%
2 - 0% - 40%
PK3 Defense
1 - 0% - 60%
2 - 0% - 40%
44 Forward
1 - 100% - 60% - 0:15
2 - 0% - 40% - 0:00
44 Defense
1 - 100% - 60% - 0:15
2 - 0% - 40% - 0:00
Last Minute Offensive  - 0:34
Last Minute Defensive  - 0:00
Total
Forward - 60:00
Defense - 60:00

% Time on Ice - Blues

Lines # - Real PCT - Wanted PCT - Time Play
Normal Forward
1 - 37% - 40% - 16:39
2 - 28% - 30% - 12:27
3 - 22% - 20% - 9:44
4 - 14% - 10% - 6:08
Normal Defense
1 - 44% - 40% - 19:56
2 - 32% - 30% - 14:10
3 - 17% - 20% - 7:48
4 - 7% - 10% - 3:04
PP Forward
1 - 58% - 60% - 4:29
2 - 42% - 40% - 3:15
PP Defense
1 - 63% - 60% - 4:53
2 - 37% - 40% - 2:51
PK Forward
1 - 76% - 60% - 4:55
2 - 24% - 40% - 1:35
PK Defense
1 - 63% - 60% - 4:04
2 - 37% - 40% - 2:26
PK3 Forward
1 - 0% - 60%
2 - 0% - 40%
PK3 Defense
1 - 0% - 60%
2 - 0% - 40%
44 Forward
1 - 100% - 60% - 0:15
2 - 0% - 40% - 0:00
44 Defense
1 - 100% - 60% - 0:15
2 - 0% - 40% - 0:00
Last Minute Offensive  - 0:00
Last Minute Defensive  - 0:33
Total
Forward - 60:00
Defense - 60:00

Play-by-Play

1st period


0:01 of 1st period - Nicklas Backstrom wins face-off versus Sidney Crosby in neutral zone.
0:37 of 1st period - Slapshot by Alex Pietrangelo.
0:37 of 1st period - Stopped by Roberto Luongo with a rebound.
0:39 of 1st period - Snap shot by Travis Zajac.
0:39 of 1st period - Shot Misses the Net.
1:40 of 1st period - Off-side.
1:41 of 1st period - Travis Zajac wins face-off versus Evgeni Malkin in neutral zone.
1:56 of 1st period - Wrist shot by Sergei Kostitsyn.
1:56 of 1st period - Stopped by Carey Price with a rebound.
2:08 of 1st period - Duncan Keith is hit by Rickard Rakell and loses puck.
2:19 of 1st period - Backhand shot by Riley Sheahan.
2:19 of 1st period - Deflect By Simon Gagné.
2:19 of 1st period - Shot Blocked by Duncan Keith.
2:19 of 1st period - Puck is out of play.
2:20 of 1st period - Nicklas Backstrom wins face-off versus Sidney Crosby in Senateurs zone.
2:35 of 1st period - Snap shot by Sidney Crosby.
2:35 of 1st period - Goal by Sidney Crosby - Senateurs : 1 - Blues : 0.
2:36 of 1st period - Travis Zajac wins face-off versus Sidney Crosby in neutral zone.
3:11 of 1st period - Wrist shot by David Perron.
3:11 of 1st period - Stopped by Roberto Luongo without a rebound.
3:12 of 1st period - Daniel Briere wins face-off versus Nicklas Backstrom in Senateurs zone.
3:49 of 1st period - Simon Gagné is hit by Carlo Colaiacovo and loses puck.
4:47 of 1st period - Snap shot by Ryan Hollweg.
4:47 of 1st period - Shot Misses the Net.
5:15 of 1st period - Rickard Rakell is hit by Dion Phaneuf.
5:23 of 1st period - Sidney Crosby is hit by Riley Sheahan and loses puck.
5:49 of 1st period - Sergei Shirokov is hit by Nate Prosser and loses puck.
6:56 of 1st period - Icing by Phil Kessel.
6:57 of 1st period - Evgeni Malkin wins face-off versus Travis Zajac in Senateurs zone.
7:04 of 1st period - Slapshot by Sergei Kostitsyn.
7:04 of 1st period - Stopped by Carey Price without a rebound.
7:05 of 1st period - Nicklas Backstrom wins face-off versus Sidney Crosby in Blues zone.
7:16 of 1st period - Duncan Keith is hit by Shayne Gostisbehere and loses puck.
7:40 of 1st period - Slapshot by Filip Forsberg.
7:40 of 1st period - Shot Misses the Net.
8:21 of 1st period - Alex Pietrangelo is hit by Mark Giordano and loses puck.
8:35 of 1st period - Off-side.
8:36 of 1st period - Nicklas Backstrom wins face-off versus Evgeni Malkin in neutral zone.
8:39 of 1st period - Cody Franson is hit by Nicklas Backstrom.
8:49 of 1st period - Snap shot by Sergei Kostitsyn.
8:49 of 1st period - Stopped by Carey Price with a rebound.
9:25 of 1st period - Wrist shot by Ryan Hollweg.
9:25 of 1st period - Deflect By Radim Vrbata.
9:25 of 1st period - Shot Misses the Net.
9:25 of 1st period - Puck is out of play.
9:26 of 1st period - Travis Zajac wins face-off versus Sidney Crosby in Blues zone.
9:33 of 1st period - Snap shot by Travis Zajac.
9:33 of 1st period - Shot Misses the Net.
9:35 of 1st period - Slapshot by Cody Ceci.
9:35 of 1st period - Deflect By Sidney Crosby.
9:35 of 1st period - Stopped by Roberto Luongo without a rebound.
9:36 of 1st period - Travis Zajac wins face-off versus Sidney Crosby in Senateurs zone.
10:05 of 1st period - Snap shot by Travis Zajac.
10:05 of 1st period - Shot Misses the Net.
10:19 of 1st period - Slapshot by Sergei Shirokov.
10:19 of 1st period - Stopped by Roberto Luongo with a rebound.
10:23 of 1st period - Wrist shot by Sergei Shirokov.
10:23 of 1st period - Stopped by Roberto Luongo without a rebound.
10:24 of 1st period - Nicklas Backstrom wins face-off versus Evgeni Malkin in Senateurs zone.
10:33 of 1st period - Slapshot by Nicklas Backstrom.
10:33 of 1st period - Stopped by Roberto Luongo without a rebound.
10:34 of 1st period - Nicklas Backstrom wins face-off versus Evgeni Malkin in Senateurs zone.
10:41 of 1st period - Wrist shot by Nicklas Backstrom.
10:41 of 1st period - Deflect By Cody Franson.
10:41 of 1st period - Shot Misses the Net.
10:41 of 1st period - Puck is out of play.
10:42 of 1st period - Nicklas Backstrom wins face-off versus Daniel Sedin in Senateurs zone.
10:49 of 1st period - Snap shot by Nicklas Backstrom.
10:49 of 1st period - Stopped by Roberto Luongo with a rebound.
10:51 of 1st period - Slapshot by Nicklas Backstrom.
10:51 of 1st period - Shot Misses the Net.
10:53 of 1st period - Slapshot by Cody Ceci.
10:53 of 1st period - Stopped by Roberto Luongo without a rebound.
10:54 of 1st period - Riley Sheahan wins face-off versus Sidney Crosby in Senateurs zone.
10:59 of 1st period - Slapshot by Alex Pietrangelo.
10:59 of 1st period - Shot Misses the Net.
11:01 of 1st period - Slapshot by Cody Ceci.
11:01 of 1st period - Deflect By Simon Gagné.
11:01 of 1st period - Shot Blocked by Dion Phaneuf.
11:01 of 1st period - Puck is out of play.
11:02 of 1st period - Sidney Crosby wins face-off versus Riley Sheahan in Senateurs zone.
11:35 of 1st period - Snap shot by Sergei Kostitsyn.
11:35 of 1st period - Stopped by Carey Price with a rebound.
11:47 of 1st period - Jake Gardiner is hit by Daniel Briere and loses puck.
12:36 of 1st period - Wrist shot by Riley Sheahan.
12:36 of 1st period - Stopped by Roberto Luongo with a rebound.
13:14 of 1st period - Wrist shot by Ryan Hollweg.
13:14 of 1st period - Stopped by Carey Price with a rebound.
13:16 of 1st period - Slapshot by Cody Franson.
13:16 of 1st period - Shot Blocked by Travis Zajac.
13:18 of 1st period - Snap shot by Daniel Briere.
13:18 of 1st period - Deflect By Ryan Hollweg.
13:18 of 1st period - Stopped by Carey Price without a rebound.
13:19 of 1st period - Nicklas Backstrom wins face-off versus Sidney Crosby in Blues zone.
13:24 of 1st period - Daniel Sedin is hit by Nicklas Backstrom and loses puck.
14:26 of 1st period - Slapshot by Dion Phaneuf.
14:26 of 1st period - Deflect By Sidney Crosby.
14:26 of 1st period - Shot Misses the Net.
14:26 of 1st period - Puck is out of play.
14:27 of 1st period - Drew Shore wins face-off versus Stephane Da Costa in Blues zone.
14:54 of 1st period - Sergei Kostitsyn is hit by Jordan Eberle and loses puck.
15:23 of 1st period - Snap shot by Sidney Crosby.
15:23 of 1st period - Stopped by Carey Price with a rebound.
15:35 of 1st period - Minor Penalty to Travis Zajac for Tripping.
15:36 of 1st period - Sidney Crosby wins face-off versus Filip Forsberg in Blues zone.
15:45 of 1st period - Wrist shot by Phil Kessel.
15:45 of 1st period - Shot Misses the Net.
15:47 of 1st period - Slapshot by Phil Kessel.
15:47 of 1st period - Shot Blocked by Cody Ceci.
16:09 of 1st period - Snap shot by Evgeni Malkin.
16:09 of 1st period - Stopped by Carey Price without a rebound.
16:10 of 1st period - Evgeni Malkin wins face-off versus Drew Shore in Blues zone.
16:23 of 1st period - Wrist shot by Sergei Kostitsyn.
16:23 of 1st period - Shot Blocked by Jordan Eberle.
16:25 of 1st period - Snap shot by Sergei Kostitsyn.
16:25 of 1st period - Shot Misses the Net.
17:35 of 1st period - Penalty to Travis Zajac is over, Travis Zajac is back on ice.
18:02 of 1st period - Sidney Crosby is hit by Sergei Shirokov and loses puck.
18:21 of 1st period - Evgeni Malkin is hit by Drew Shore and loses puck.
18:32 of 1st period - Snap shot by Evgeni Malkin.
18:32 of 1st period - Stopped by Carey Price without a rebound.
18:33 of 1st period - Daniel Briere wins face-off versus Riley Sheahan in Blues zone.
18:34 of 1st period - Wrist shot by Ryan Hollweg.
18:34 of 1st period - Shot Blocked by Riley Sheahan.
18:47 of 1st period - Minor Penalty to Ryan Hollweg for Tripping.
18:48 of 1st period - Nicklas Backstrom wins face-off versus Sidney Crosby in Senateurs zone.
19:00 of 1st period - Slapshot by Alex Pietrangelo.
19:00 of 1st period - Deflect By Filip Forsberg.
19:00 of 1st period - Shot Blocked by Dion Phaneuf.
19:00 of 1st period - Puck is out of play.
19:01 of 1st period - Sidney Crosby wins face-off versus Nicklas Backstrom in Senateurs zone.
Goals for this period are 1 for Senateurs vs 0 for Blues.
Shots for this period are 10 for Senateurs vs 9 for Blues.

2nd period


0:01 of 2nd period - Sidney Crosby wins face-off versus Nicklas Backstrom in neutral zone.
0:31 of 2nd period - Minor Penalty to David Perron for Elbowing.
0:32 of 2nd period - Nicklas Backstrom wins face-off versus Sidney Crosby in Blues zone.
0:39 of 2nd period - Slapshot by Nicklas Backstrom.
0:39 of 2nd period - Stopped by Roberto Luongo without a rebound.
0:40 of 2nd period - Nicklas Backstrom wins face-off versus Sidney Crosby in Senateurs zone.
0:47 of 2nd period - Penalty to Ryan Hollweg is over, Ryan Hollweg is back on ice.
1:09 of 2nd period - Backhand shot by Travis Zajac.
1:09 of 2nd period - Deflect By Jordan Eberle.
1:09 of 2nd period - Shot Misses the Net.
1:09 of 2nd period - Puck is out of play.
1:10 of 2nd period - Sidney Crosby wins face-off versus Travis Zajac in Senateurs zone.
2:01 of 2nd period - Chad Larose is hit by Dion Phaneuf and loses puck.
2:31 of 2nd period - Penalty to David Perron is over, David Perron is back on ice.
2:36 of 2nd period - Snap shot by Rickard Rakell.
2:36 of 2nd period - Shot Misses the Net.
2:54 of 2nd period - Snap shot by Stephane Da Costa.
2:54 of 2nd period - Stopped by Carey Price with a rebound.
2:56 of 2nd period - Slapshot by Nate Prosser.
2:56 of 2nd period - Stopped by Carey Price with a rebound.
3:08 of 2nd period - Slapshot by Linus Omark.
3:08 of 2nd period - Stopped by Roberto Luongo with a rebound.
3:27 of 2nd period - Slapshot by Sergei Shirokov.
3:27 of 2nd period - Goal by Sergei Shirokov - Senateurs : 1 - Blues : 1.
3:28 of 2nd period - Sidney Crosby wins face-off versus Nicklas Backstrom in neutral zone.
4:00 of 2nd period - Snap shot by Sergei Kostitsyn.
4:00 of 2nd period - Stopped by Carey Price without a rebound.
4:01 of 2nd period - Travis Zajac wins face-off versus Sidney Crosby in Blues zone.
4:01 of 2nd period - Travis Zajac is hit by Daniel Sedin.
5:23 of 2nd period - Stephane Da Costa is hit by Linus Omark and loses puck.
5:43 of 2nd period - Travis Zajac is hit by Dion Phaneuf and loses puck.
6:18 of 2nd period - Jake Gardiner is hit by Ryan Hollweg and loses puck.
7:11 of 2nd period - Yann Sauvé is hit by Dion Phaneuf and loses puck.
7:14 of 2nd period - Snap shot by Sergei Shirokov.
7:14 of 2nd period - Shot Blocked by Duncan Keith.
7:16 of 2nd period - Slapshot by Sergei Shirokov.
7:16 of 2nd period - Goal by Sergei Shirokov - Senateurs : 1 - Blues : 2.
7:17 of 2nd period - Nicklas Backstrom wins face-off versus Sidney Crosby in neutral zone.
7:22 of 2nd period - Wrist shot by Nicklas Backstrom.
7:22 of 2nd period - Stopped by Roberto Luongo with a rebound.
7:24 of 2nd period - Minor Penalty to Dion Phaneuf for High sticking.
7:25 of 2nd period - Nicklas Backstrom wins face-off versus Sidney Crosby in Senateurs zone.
9:08 of 2nd period - Evgeni Malkin is hit by Alex Pietrangelo and loses puck.
9:24 of 2nd period - Penalty to Dion Phaneuf is over, Dion Phaneuf is back on ice.
9:47 of 2nd period - Snap shot by Radim Vrbata.
9:47 of 2nd period - Stopped by Carey Price with a rebound.
10:45 of 2nd period - Colby Armstrong is hit by Chad Larose and loses puck.
11:10 of 2nd period - Dougie Hamilton is hit by Sidney Crosby and loses puck.
11:35 of 2nd period - Snap shot by Jordan Eberle.
11:35 of 2nd period - Shot Misses the Net.
11:47 of 2nd period - Daniel Briere is hit by Alex Pietrangelo and loses puck.
12:00 of 2nd period - Dion Phaneuf is hit by Drew Shore.
12:09 of 2nd period - Sidney Crosby is hit by Alex Pietrangelo and loses puck.
12:52 of 2nd period - Icing by Alex Pietrangelo.
12:53 of 2nd period - Filip Forsberg wins face-off versus Sergei Kostitsyn in Blues zone.
14:01 of 2nd period - Slapshot by Jordan Eberle.
14:01 of 2nd period - Shot Blocked by Duncan Keith.
14:03 of 2nd period - Wrist shot by Jake Gardiner.
14:03 of 2nd period - Deflect By David Perron.
14:03 of 2nd period - Shot Misses the Net.
14:03 of 2nd period - Puck is out of play.
14:04 of 2nd period - Nicklas Backstrom wins face-off versus Evgeni Malkin in Senateurs zone.
14:30 of 2nd period - Dougie Hamilton is hit by Cody Franson and loses puck.
14:35 of 2nd period - Snap shot by Radim Vrbata.
14:35 of 2nd period - Shot Blocked by David Perron.
15:51 of 2nd period - Slapshot by Dion Phaneuf.
15:51 of 2nd period - Shot Blocked by Shayne Gostisbehere.
15:53 of 2nd period - Slapshot by Dion Phaneuf.
15:53 of 2nd period - Deflect By Daniel Briere.
15:53 of 2nd period - Stopped by Carey Price without a rebound.
15:54 of 2nd period - Nicklas Backstrom wins face-off versus Daniel Sedin in Blues zone.
16:03 of 2nd period - Slapshot by David Perron.
16:03 of 2nd period - Shot Blocked by Cody Franson.
16:05 of 2nd period - Slapshot by Jake Gardiner.
16:05 of 2nd period - Stopped by Roberto Luongo without a rebound.
16:06 of 2nd period - Sidney Crosby wins face-off versus Nicklas Backstrom in Senateurs zone.
16:08 of 2nd period - Minor Penalty to Cody Franson for Holding.
16:09 of 2nd period - Nicklas Backstrom wins face-off versus Sidney Crosby in Senateurs zone.
16:11 of 2nd period - Snap shot by Jordan Eberle.
16:11 of 2nd period - Goal by Jordan Eberle - Senateurs : 1 - Blues : 3.
16:12 of 2nd period - Nicklas Backstrom wins face-off versus Sidney Crosby in neutral zone.
16:20 of 2nd period - Snap shot by Nicklas Backstrom.
16:20 of 2nd period - Shot Misses the Net.
16:42 of 2nd period - Snap shot by Travis Zajac.
16:42 of 2nd period - Stopped by Roberto Luongo without a rebound.
16:43 of 2nd period - Travis Zajac wins face-off versus Daniel Sedin in Senateurs zone.
17:08 of 2nd period - Sergei Kostitsyn is hit by David Perron.
17:13 of 2nd period - Minor Penalty to Nate Prosser for Hooking.
17:14 of 2nd period - Nicklas Backstrom wins face-off versus Sidney Crosby in Senateurs zone.
17:24 of 2nd period - Snap shot by Nicklas Backstrom.
17:24 of 2nd period - Shot Misses the Net.
19:13 of 2nd period - Penalty to Nate Prosser is over, Nate Prosser is back on ice.
19:16 of 2nd period - Sidney Crosby is hit by Simon Gagné and loses puck.
19:45 of 2nd period - Snap shot by Sidney Crosby.
19:45 of 2nd period - Stopped by Carey Price without a rebound.
19:46 of 2nd period - Daniel Briere wins face-off versus Simon Gagné in Blues zone.
19:47 of 2nd period - Snap shot by Radim Vrbata.
19:47 of 2nd period - Stopped by Carey Price with a rebound.
19:49 of 2nd period - Snap shot by Ryan Hollweg.
19:49 of 2nd period - Shot Blocked by Cody Ceci.
19:49 of 2nd period - Cody Ceci from Blues is injured at 19:49 of 2nd period (Lacerated Right Calf).
19:50 of 2nd period - Nicklas Backstrom wins face-off versus Sidney Crosby in Blues zone.
19:50 of 2nd period - Nicklas Backstrom is hit by Daniel Sedin.
Goals for this period are 0 for Senateurs vs 3 for Blues.
Shots for this period are 7 for Senateurs vs 8 for Blues.

3rd period


0:01 of 3rd period - Nicklas Backstrom wins face-off versus Daniel Sedin in neutral zone.
0:16 of 3rd period - Snap shot by Jordan Eberle.
0:16 of 3rd period - Stopped by Roberto Luongo without a rebound.
0:17 of 3rd period - Evgeni Malkin wins face-off versus Travis Zajac in Senateurs zone.
0:51 of 3rd period - Phil Kessel is hit by Nicklas Backstrom and loses puck.
1:12 of 3rd period - Wrist shot by Daniel Briere.
1:12 of 3rd period - Stopped by Carey Price without a rebound.
1:13 of 3rd period - Travis Zajac wins face-off versus Evgeni Malkin in Blues zone.
1:15 of 3rd period - Minor Penalty to Shayne Gostisbehere for Tripping.
1:16 of 3rd period - Sidney Crosby wins face-off versus Travis Zajac in Blues zone.
1:20 of 3rd period - Wrist shot by Sidney Crosby.
1:20 of 3rd period - Stopped by Carey Price without a rebound.
1:21 of 3rd period - Travis Zajac wins face-off versus Sidney Crosby in Blues zone.
1:38 of 3rd period - Slapshot by Dion Phaneuf.
1:38 of 3rd period - Stopped by Carey Price with a rebound.
1:52 of 3rd period - Wrist shot by Phil Kessel.
1:52 of 3rd period - Stopped by Carey Price without a rebound.
1:53 of 3rd period - Simon Gagné wins face-off versus Sergei Kostitsyn in Blues zone.
3:10 of 3rd period - Sergei Kostitsyn is hit by Chad Larose and loses puck.
3:15 of 3rd period - Penalty to Shayne Gostisbehere is over, Shayne Gostisbehere is back on ice.
3:29 of 3rd period - Nate Prosser is hit by Chad Larose and loses puck.
3:46 of 3rd period - Wrist shot by Simon Gagné.
3:46 of 3rd period - Stopped by Roberto Luongo with a rebound.
4:06 of 3rd period - Snap shot by Shayne Gostisbehere.
4:06 of 3rd period - Shot Misses the Net.
4:08 of 3rd period - Slapshot by Drew Shore.
4:08 of 3rd period - Deflect By Simon Gagné.
4:08 of 3rd period - Stopped by Roberto Luongo with a rebound.
4:10 of 3rd period - Snap shot by Drew Shore.
4:10 of 3rd period - Shot Misses the Net.
4:12 of 3rd period - Snap shot by Simon Gagné.
4:12 of 3rd period - Goal by Simon Gagné - Senateurs : 1 - Blues : 4.
4:13 of 3rd period - Nicklas Backstrom wins face-off versus Sidney Crosby in neutral zone.
4:20 of 3rd period - Duncan Keith is hit by David Perron and loses puck.
4:26 of 3rd period - Minor Penalty to Daniel Sedin for Hooking.
4:27 of 3rd period - Nicklas Backstrom wins face-off versus Sidney Crosby in Senateurs zone.
4:42 of 3rd period - Wrist shot by Filip Forsberg.
4:42 of 3rd period - Shot Misses the Net.
4:44 of 3rd period - Snap shot by Filip Forsberg.
4:44 of 3rd period - Shot Misses the Net.
4:54 of 3rd period - Dion Phaneuf is hit by Sergei Shirokov and loses puck.
5:03 of 3rd period - Slapshot by Travis Zajac.
5:03 of 3rd period - Shot Misses the Net.
5:05 of 3rd period - Wrist shot by Shayne Gostisbehere.
5:05 of 3rd period - Stopped by Roberto Luongo without a rebound.
5:06 of 3rd period - Nicklas Backstrom wins face-off versus Phil Kessel in Senateurs zone.
5:23 of 3rd period - Snap shot by Jordan Eberle.
5:23 of 3rd period - Shot Blocked by Cody Franson.
6:26 of 3rd period - Penalty to Daniel Sedin is over, Daniel Sedin is back on ice.
6:42 of 3rd period - Ryan Hollweg is hit by Rickard Rakell and loses puck.
6:57 of 3rd period - Sergei Kostitsyn is hit by Drew Shore and loses puck.
7:44 of 3rd period - Wrist shot by Sidney Crosby.
7:44 of 3rd period - Shot Misses the Net.
7:46 of 3rd period - Snap shot by Sidney Crosby.
7:46 of 3rd period - Deflect By Stephane Da Costa.
7:46 of 3rd period - Shot Misses the Net.
7:46 of 3rd period - Puck is out of play.
7:47 of 3rd period - Drew Shore wins face-off versus Stephane Da Costa in Blues zone.
7:54 of 3rd period - Wrist shot by Stephane Da Costa.
7:54 of 3rd period - Goal by Stephane Da Costa - Senateurs : 2 - Blues : 4.
7:55 of 3rd period - Sidney Crosby wins face-off versus Jordan Eberle in neutral zone.
8:14 of 3rd period - Jordan Eberle is hit by Sidney Crosby and loses puck.
8:52 of 3rd period - Wrist shot by David Perron.
8:52 of 3rd period - Stopped by Roberto Luongo without a rebound.
8:53 of 3rd period - Evgeni Malkin wins face-off versus Travis Zajac in Senateurs zone.
9:09 of 3rd period - Icing by Dougie Hamilton.
9:10 of 3rd period - Sergei Shirokov wins face-off versus Daniel Briere in Blues zone.
9:33 of 3rd period - Slapshot by Sergei Shirokov.
9:33 of 3rd period - Goal by Sergei Shirokov - Senateurs : 2 - Blues : 5.
9:33 of 3rd period - Ondrej Pavelec enters game.
9:34 of 3rd period - Nicklas Backstrom wins face-off versus Sidney Crosby in neutral zone.
9:48 of 3rd period - Snap shot by Sidney Crosby.
9:48 of 3rd period - Stopped by Carey Price without a rebound.
9:49 of 3rd period - Nicklas Backstrom wins face-off versus Evgeni Malkin in Blues zone.
9:54 of 3rd period - Slapshot by Dougie Hamilton.
9:54 of 3rd period - Shot Misses the Net.
10:42 of 3rd period - Snap shot by Riley Sheahan.
10:42 of 3rd period - Shot Blocked by Sidney Crosby.
10:44 of 3rd period - Wrist shot by Simon Gagné.
10:44 of 3rd period - Shot Misses the Net.
10:46 of 3rd period - Wrist shot by Simon Gagné.
10:46 of 3rd period - Shot Blocked by Michel Ouellet.
10:48 of 3rd period - Snap shot by Simon Gagné.
10:48 of 3rd period - Stopped by Ondrej Pavelec with a rebound.
11:02 of 3rd period - Slapshot by Jordan Eberle.
11:02 of 3rd period - Deflect By Michel Ouellet.
11:02 of 3rd period - Stopped by Ondrej Pavelec without a rebound.
11:03 of 3rd period - Nicklas Backstrom wins face-off versus Colby Armstrong in Senateurs zone.
11:04 of 3rd period - Wrist shot by Jordan Eberle.
11:04 of 3rd period - Shot Blocked by Evgeni Malkin.
11:10 of 3rd period - Snap shot by David Perron.
11:10 of 3rd period - Shot Misses the Net.
11:12 of 3rd period - Slapshot by David Perron.
11:12 of 3rd period - Shot Misses the Net.
11:14 of 3rd period - Backhand shot by Shayne Gostisbehere.
11:14 of 3rd period - Stopped by Ondrej Pavelec with a rebound.
11:16 of 3rd period - Snap shot by Nicklas Backstrom.
11:16 of 3rd period - Stopped by Ondrej Pavelec with a rebound.
11:26 of 3rd period - Wrist shot by Nicklas Backstrom.
11:26 of 3rd period - Stopped by Ondrej Pavelec without a rebound.
11:27 of 3rd period - Travis Zajac wins face-off versus Daniel Briere in Senateurs zone.
11:40 of 3rd period - Slapshot by Alex Pietrangelo.
11:40 of 3rd period - Deflect By Daniel Briere.
11:40 of 3rd period - Stopped by Ondrej Pavelec without a rebound.
11:41 of 3rd period - Nicklas Backstrom wins face-off versus Daniel Sedin in Senateurs zone.
12:08 of 3rd period - Dion Phaneuf is hit by Sergei Shirokov and loses puck.
12:15 of 3rd period - Slapshot by Dougie Hamilton.
12:15 of 3rd period - Shot Blocked by Colby Armstrong.
12:25 of 3rd period - Dougie Hamilton is hit by Colby Armstrong and loses puck.
12:41 of 3rd period - Off-side.
12:42 of 3rd period - Daniel Briere wins face-off versus Riley Sheahan in neutral zone.
12:47 of 3rd period - Slapshot by Nate Prosser.
12:47 of 3rd period - Shot Misses the Net.
12:49 of 3rd period - Snap shot by Daniel Briere.
12:49 of 3rd period - Goal by Daniel Briere - Senateurs : 3 - Blues : 5.
12:50 of 3rd period - Sidney Crosby wins face-off versus Nicklas Backstrom in neutral zone.
13:00 of 3rd period - Slapshot by Duncan Keith.
13:00 of 3rd period - Shot Blocked by David Perron.
13:21 of 3rd period - Slapshot by Ryan Hollweg.
13:21 of 3rd period - Stopped by Carey Price with a rebound.
13:23 of 3rd period - Wrist shot by Dion Phaneuf.
13:23 of 3rd period - Deflect By Daniel Briere.
13:23 of 3rd period - Stopped by Carey Price with a rebound.
13:25 of 3rd period - Wrist shot by Ryan Hollweg.
13:25 of 3rd period - Stopped by Carey Price with a rebound.
13:27 of 3rd period - Slapshot by Dion Phaneuf.
13:27 of 3rd period - Stopped by Carey Price with a rebound.
13:29 of 3rd period - Slapshot by Duncan Keith.
13:29 of 3rd period - Shot Misses the Net.
14:03 of 3rd period - Snap shot by Sidney Crosby.
14:03 of 3rd period - Stopped by Carey Price with a rebound.
14:05 of 3rd period - Backhand shot by Daniel Sedin.
14:05 of 3rd period - Stopped by Carey Price with a rebound.
14:17 of 3rd period - Ryan Hollweg is hit by Alex Pietrangelo.
14:18 of 3rd period - Icing by Ryan Hollweg.
14:19 of 3rd period - Radim Vrbata wins face-off versus Riley Sheahan in Senateurs zone.
14:39 of 3rd period - Mark Giordano is hit by Rickard Rakell.
15:06 of 3rd period - Rickard Rakell is hit by Daniel Briere and loses puck.
15:10 of 3rd period - Icing by Dougie Hamilton.
15:11 of 3rd period - Sidney Crosby wins face-off versus Riley Sheahan in Blues zone.
15:30 of 3rd period - Slapshot by Rickard Rakell.
15:30 of 3rd period - Deflect By Riley Sheahan.
15:30 of 3rd period - Shot Misses the Net.
15:30 of 3rd period - Puck is out of play.
15:31 of 3rd period - Evgeni Malkin wins face-off versus Nicklas Backstrom in Senateurs zone.
15:40 of 3rd period - Snap shot by Evgeni Malkin.
15:40 of 3rd period - Stopped by Carey Price without a rebound.
15:41 of 3rd period - Nicklas Backstrom wins face-off versus Evgeni Malkin in Blues zone.
16:06 of 3rd period - Off-side.
16:07 of 3rd period - Travis Zajac wins face-off versus Sidney Crosby in neutral zone.
16:10 of 3rd period - Snap shot by Shayne Gostisbehere.
16:10 of 3rd period - Deflect By Sergei Shirokov.
16:10 of 3rd period - Stopped by Ondrej Pavelec without a rebound.
16:11 of 3rd period - Sidney Crosby wins face-off versus Travis Zajac in Senateurs zone.
16:41 of 3rd period - Minor Penalty to Rickard Rakell for Slashing.
16:42 of 3rd period - Sidney Crosby wins face-off versus Travis Zajac in Blues zone.
17:19 of 3rd period - Off-side.
17:20 of 3rd period - Evgeni Malkin wins face-off versus Chad Larose in neutral zone.
17:25 of 3rd period - Wrist shot by Evgeni Malkin.
17:25 of 3rd period - Shot Blocked by Yann Sauvé.
17:27 of 3rd period - Slapshot by Nate Prosser.
17:27 of 3rd period - Stopped by Carey Price with a rebound.
17:29 of 3rd period - Wrist shot by Sergei Kostitsyn.
17:29 of 3rd period - Goal by Sergei Kostitsyn - Senateurs : 4 - Blues : 5.
17:30 of 3rd period - Stephane Da Costa wins face-off versus Riley Sheahan in neutral zone.
18:00 of 3rd period - Wrist shot by Cody Franson.
18:00 of 3rd period - Stopped by Carey Price with a rebound.
18:06 of 3rd period - Slapshot by Jake Gardiner.
18:06 of 3rd period - Shot Blocked by Nate Prosser.
18:08 of 3rd period - Wrist shot by Chad Larose.
18:08 of 3rd period - Shot Misses the Net.
18:50 of 3rd period - Senateurs, Ondrej Pavelec is pulled from the net.
19:31 of 3rd period - Slapshot by Travis Zajac.
19:31 of 3rd period - Goal by Travis Zajac - Senateurs : 4 - Blues : 6.
19:31 of 3rd period - Ondrej Pavelec from Senateurs was sent back in the game.
19:32 of 3rd period - Daniel Briere wins face-off versus Riley Sheahan in neutral zone.
19:59 of 3rd period - Dougie Hamilton is hit by Phil Kessel and loses puck.
Goals for this period are 3 for Senateurs vs 3 for Blues.
Shots for this period are 17 for Senateurs vs 15 for Blues.